 Dungeon Crawl Stone Soup version 0.22.1-1-ga44c0e5 (webtiles) character file.

109 wilfster70 the Skirmisher (level 4, -3/29 HPs)
             Began as a Gargoyle Fighter on Oct 12, 2018.
             Was a Follower of Wu Jian.
             Slain by Crazy Yiuf
             ... wielding a +4 quarterstaff of chaos
              (9 damage)
             ... on level 4 of the Dungeon.
             The game lasted 00:08:35 (2650 turns).

wilfster70 the Skirmisher (Gargoyle Fighter)        Turns: 2650, Time: 00:08:36

Health: -3/29      AC: 13    Str: 25    XL:     4   Next: 90%
Magic:  4/4        EV:  6    Int:  9    God:    Wu Jian [*.....]
Gold:   205        SH:  9    Dex:  9    Spells: 3/3 levels left

rFire    . . .     SeeInvis .   a - +0 war axe
rCold    . . .     Gourm    .   c - +0 shield
rNeg     + . .     Faith    .   s - +0 chain mail
rPois    ∞         Spirit   .   (no helmet)
rElec    +         Reflect  .   (no cloak)
rCorr    +         Harm     .   (no gloves)
MR       .....                  (no boots)
Stlth    ..........             (no amulet)
HPRegen  0.09/turn              p - ring of resist corrosion
MPRegen  0.09/turn              (no ring)

@: mighty, very slightly contaminated, slowed, very slow
A: negative energy resistance 1, electricity resistance, unbreathing,
petrification resistance, rot immunity, AC +3
a: Renounce Religion


You were on level 4 of the Dungeon.
You worshipped Wu Jian.
Wu Jian was aware of your devotion.
You were not hungry.

You visited 1 branch of the dungeon, and saw 4 of its levels.

You collected 205 gold pieces.

Inventory:

Hand Weapons
 a - a +0 war axe (weapon)
 b - a +0 hunting sling
Missiles
 i - 117 stones (quivered)
Armour
 c - a +0 shield (worn)
 s - a +0 chain mail (worn)
Jewellery
 p - a ring of resist corrosion (left hand)
Scrolls
 e - 2 scrolls of enchant armour {unknown}
 g - 6 scrolls of remove curse {unknown}
 h - 4 scrolls of identify {unknown}
 l - 2 scrolls of enchant weapon {unknown}
 m - a scroll of noise {unknown}
 n - a scroll of teleportation {unknown}
 q - a scroll of blinking {unknown}
 t - a scroll of magic mapping {unknown}
 u - a scroll of fear {unknown}
Potions
 j - 4 potions of curing {unknown}
 k - a potion of heal wounds {unknown}
 o - a potion of resistance {unknown}
 r - a potion of ambrosia {unknown}
Comestibles
 f - 5 rations
 v - 3 chunks of flesh


   Skills:
 + Level 3.9 Fighting
 * Level 2.9 Axes
 + Level 3.8 Armour
 - Level 1.0 Dodging
 + Level 3.8 Shields


You had 3 spell levels left.
You didn't know any spells.
Your spell library was empty.

Dungeon Overview and Level Annotations

Branches:
Dungeon (4/15)
 Temple: D:4-7

Altars:
Ashenzari
Hepliaklqana
Makhleb
Wu Jian
The Shining One

Annotations:
D:4 Crazy Yiuf


Innate Abilities, Weirdness & Mutations

You are resistant to torment.
Your stone body is resilient. (AC +3)
You are immune to poison.
You resist negative energy. (rN+)
You are resistant to electric shocks. (rElec)
You can survive without breathing.
You are immune to petrification.
You are immune to rotting.


Message History

Crazy Yiuf hits you with a quarterstaff of chaos.
* * * LOW HITPOINT WARNING * * *
Crazy Yiuf freezes you.
* * * LOW HITPOINT WARNING * * *
You block Crazy Yiuf's attack.
Okay, then.
Crazy Yiuf yells, "Trifle water ragdoll!"
There is an open door here.
Crazy Yiuf screams, "Island forty-two broken!"
Crazy Yiuf waves his quarterstaff at you.
Some of the chunks of flesh in your inventory have rotted away.
Crazy Yiuf whimpers, "Buddy!"
You feel very mighty all of a sudden.
Crazy Yiuf hits you with a quarterstaff of chaos.
* * * LOW HITPOINT WARNING * * *
You feel yourself slow down.
You closely miss Crazy Yiuf.
Crazy Yiuf is lightly wounded.
Crazy Yiuf hits you with a quarterstaff of chaos!
You die...

#........#.#
#........#.###.#
##########..##.#
##.##.# # ##
#.##.#.# #####.
###########..#.#.#
#...#.
.................#
#...#.
############...###
#...#. ##.@# #...#.
#.g# #...#. #..#
#...#.
##.###########...#.
#>..........'.....
#############...#.
#>..## #)..##
#.....


You could see Crazy Yiuf.

Vanquished Creatures
  3 adders
  3 worms
  A dart slug (D:1)
  7 orcs
  3 bats
  3 giant cockroaches
  9 goblins
  6 hobgoblins
  9 kobolds
  2 quokkas
  6 frilled lizards
  A quokka zombie (D:2)
  11 rats
64 creatures vanquished.

Vanquished Creatures (others)
  A fungus (D:4)
1 creature vanquished.

Grand Total: 65 creatures vanquished

Notes
Turn   | Place    | Note
-------+----------+-------------------------------------------
     0 | D:1      | wilfster70 the Gargoyle Fighter began the quest for the
                  | Orb.
     0 | D:1      | Reached XP level 1. HP: 14/14 MP: 1/1
   211 | D:1      | Reached XP level 2. HP: 19/19 MP: 2/2
   888 | D:2      | Reached XP level 3. HP: 22/23 MP: 3/3
  1218 | D:2      | Found an ornate altar of the Wu Jian Council.
  1226 | D:2      | Became a worshipper of the Wu Jian Council
  1345 | D:2      | Reached XP level 4. HP: 27/29 MP: 4/4
  1349 | D:2      | Reached skill level 1 in Dodging
  1453 | D:2      | Found a glowing golden altar of the Shining One.
  1804 | D:3      | Reached * piety under Wu Jian
  2129 | D:3      | Found a hazy altar of Hepliaklqana.
  2144 | D:3      | Found a burning altar of Makhleb.
  2394 | D:4      | Found a shattered altar of Ashenzari.
  2578 | D:4      | Found a runed door.
  2582 | D:4      | Noticed Crazy Yiuf
  2650 | D:4      | Slain by Crazy Yiuf

Skill      XL: |  1  2  3  4 |
---------------+-------------+-----
Axes           | 2 |  2.9
Dodging        | 1 |  1.0
Fighting       | |  3.9
Armour         | |  3.8
Shields        | |  3.8

Action                   |  1- 3 |  4- 6 || total
-------------------------+-------+-------++-------
Melee: War axe           |   145 |   189 ||   334
Throw: Stone             |       |     3 ||     3
Invok: Lunge             |     2 |     4 ||     6
       Whirlwind         |       |     6 ||     6
  Use: Potion            |       |     1 ||     1
 Stab: Invisible         |       |     1 ||     1
  Eat: Chunk             |     2 |     4 ||     6
Armor: Scale mail        |    94 |    18 ||   112
       Chain mail        |       |   104 ||   104
Dodge: Dodged            |    52 |    34 ||    86
Block: Shield            |    81 |    98 ||   179
